AoeStats
← driboperez

Arabia

509348087Analyzed
1v1 RM · 5d ago on Sep 26, 2026· 44m 34s· 2 players
Game mode
Random Map
Map size
Tiny (2 player)
Population
200
Speed
Normal
Resources
Standard
Victory
Conquest
Starting age
Dark Age
Ending age
Imperial Age
RankedLock teamsTeams togetherTeam positionsShared explorationLock speedFull tech treeHidden civsTurbo modeCheats
Victory
Defeat
🇮🇹 Romans · Italy
1087
+14
🇪🇸 Huns · Spain
1046
-14
Gizardlizard88
6:26 Loom
9:09 Feudal Age
10:09 Man-at-Arms
12:51 Horse Collar
14:32 Scale Mail Armor
22:15 Castle Age
20:39 Gold Mining
20:39 Double-Bit Axe
22:49 Forging
22:34 Stone Mining
22:41 Long Swordsman
23:22 Squires
23:38 Chain Mail Armor
23:35 Heavy Plow
23:46 Bow Saw
24:22 Iron Casting
25:52 Fletching
33:23 Wheelbarrow
32:33 Town Watch
40:15 Imperial Age
38:01 Hand Cart
37:47 Town Patrol
39:13 Ballistas
39:35 Bodkin Arrow
40:21 Gold Shaft Mining
42:01 Legionary
42:10 Heavy Scorpion
43:42 Crop Rotation
driboperez
7:15 Loom
10:19 Feudal Age
10:48 Horse Collar
11:00 Double-Bit Axe
13:49 Town Watch
17:00 Gold Mining
20:55 Castle Age
20:09 Fletching
20:19 Padded Archer Armor
20:32 Bloodlines
21:46 Bow Saw
21:58 Bodkin Arrow
22:09 Horse Collar
23:12 Horse Collar
24:41 Ballistics
25:19 Husbandry
26:55 Thumb Ring
28:36 Scale Barding Armor
34:48 Imperial Age
33:12 Wheelbarrow
33:08 Chain Barding Armor
39:56 Stone Mining
43:33 Marauders
Connection lost

Rejoining the realm…

Still unreachable

The connection could not be restored.

Session expired

The server has moved on; the page needs a fresh start.